 Dungeon Crawl Stone Soup version 0.30-a0-824-g6c64550be9 (webtiles) character file.

Game seed: 15033491362875374881

905 Iich the Cleaver (level 8, -1/69 (73) HPs)
             Began as a Hill Orc Fighter on Feb 27, 2023.
             Was an Initiate of Gozag.
             Slain by a wight
             ... wielding a +1 long sword of freezing
              (2 damage)
             ... on level 6 of the Dungeon.
             The game lasted 00:06:03 (4763 turns).

Iich the Cleaver (Hill Orc Fighter)                 Turns: 4763, Time: 00:06:04

HP:   -1/69 (73)    AC: 16    Str: 19    XL:     8   Next: 8%
MP:   8/8           EV:  7    Int:  8    God:    Gozag
Gold: 564           SH:  4    Dex: 12    Spells: 7/7 levels left

rFire   . . .      SeeInvis .    a - +0 war axe
rCold   . . .      Faith    .    c - +0 buckler
rNeg    . . .      Spirit   .    s - +0 chain mail
rPois   .          Reflect  .    v - +1 helmet
rElec   .          Harm     .    o - +1 cloak
rCorr   .          Rampage  .    h - +2 pair of gloves
Will    .....                    (no boots) Stlth
                                 (no amulet)
HPRegen 0.31/turn                (no ring)
MPRegen 0.11/turn                (no ring)

@: gold aura, drained
A: no striking features
a: Renounce Religion, Potion Petition, Call Merchant, Bribe Branch


You were on level 6 of the Dungeon.
You worshipped Gozag.
Gozag was pleased with you.
You visited 2 branches of the dungeon, and saw 7 of its levels.

You collected 665 gold pieces.
You paid 101 gold pieces to Gozag.

Inventory:

Hand Weapons
 a - a +0 war axe (weapon)
Armour
 c - a +0 buckler (worn)
 h - a +2 pair of gloves (worn)
 o - a +1 cloak (worn)
 s - a +0 chain mail (worn)
 v - a +1 helmet (worn)
Jewellery
 g - an amulet of magic regeneration
Wands
 r - a wand of mindburst (20)
Scrolls
 k - 2 scrolls of teleportation
 q - a scroll of immolation
 t - a scroll of fog
 x - a scroll of poison {unknown}
Potions
 b - a potion of lignification {unknown}
 d - 4 potions of might
 e - a potion of ambrosia {unknown}
 j - 2 potions of flight
 l - a potion of mutation {unknown}
 m - a potion of brilliance {unknown}
 n - a potion of berserk rage {unknown}
 p - a potion of degeneration {unknown}
 u - a potion of attraction {unknown}
 w - a potion of haste {unknown}


   Skills:
 + Level 7.1 Fighting
 * Level 9.9 Axes
 - Level 3.2 Armour
 - Level 3.2 Shields


You had 7 spell levels left.
You didn't know any spells.
Your spell library contained the following spells:

 Spells                   Type           Power      Damage    Failure   Level
 Blink                    Tloc           0%         N/A       100%        2
 Frozen Ramparts          Ice            0%         1d1       100%        3
 Ice Form                 Ice/Tmut       0%         N/A       100%        4
 Manifold Assault         Tloc           0%         N/A       100%        4
 Summon Ice Beast         Ice/Summ       0%         N/A       100%        4
 Storm Form               Tmut/Air       0%         N/A       100%        7


Dungeon Overview and Level Annotations

Branches:
Dungeon (6/15)             Temple (1/1) D:5

Altars:
Elyvilon
Fedhas
Gozag
Hepliaklqana
Nemelex Xobeh
Okawaru
Qazlal
Ru
Sif Muna
Trog
Uskayaw
Xom
Yredelemnul
Zin

Shops:
D:5 :


Message History

The wight hits you with a +1 long sword of freezing.
You feel drained. The wight freezes you.
Your life force feels restored.
You closely miss the ice beast.
The ice beast is severely wounded.
You hit the wight but do no damage. You hit the ice beast.
You hit the wight but do no damage. You barely miss the wight.
The orc hits you but does no damage. The ice beast closely misses you.
The wight closely misses you. The ice beast hits you.
The ice beast freezes you! You block the wight's attack. x3
You closely miss the ice beast.
The ice beast is severely wounded.
You closely miss the wight. You barely miss the ice beast. You hit the wight.
You slash the wight! The ice beast closely misses you.
The orc hits you but does no damage. The wight barely misses you.
The wight hits you from afar with a +3 trident.
* * * LOW HITPOINT WARNING * * *
You feel drained.
* * * LOW HITPOINT WARNING * * *
The ice beast hits you but does no damage.
The wight hits you with a +5 hand axe!
* * * LOW HITPOINT WARNING * * *
The wight closely misses you.
You hit the ice beast.
The ice beast is severely wounded.
You hit the ice beast.
You hit the wight. x3; The ice beast barely misses you.
The orc hits you but does no damage. You block the wight's attack.
The wight hits you with a +4 flail of freezing!
* * * LOW HITPOINT WARNING * * *
You feel drained.
* * * LOW HITPOINT WARNING * * *
The wight freezes you.
* * * LOW HITPOINT WARNING * * *
The ice beast hits you.
* * * LOW HITPOINT WARNING * * *
The ice beast freezes you.
* * * LOW HITPOINT WARNING * * *
The wight hits you with a +1 long sword of freezing.
You die...
Your body crumbles into a pile of gold.

########
###......###
##...........
#............
##............
#.....{oo.....
#....zzYo.....
#.....@Yz.....
#.[....z......
##............
##<........##
#.......###
######.## ##


You could see 2 ice beasts, 4 wights, an orc wizard and 2 orcs.

Vanquished Creatures
  An orc warrior (D:5)
  An ogre (D:4)
  2 phantoms
  2 scorpions (D:5)
  A wight (D:6)
  2 necrophages
  A hound (D:4)
  An orc priest (D:5)
  An iguana (D:4)
  3 orc wizards (D:5)
  3 adders (D:4)
  An ufetubus (D:4)
  An adder zombie (D:2)
  3 dart slugs
  14 orcs
  6 ball pythons
  6 bats
  A bat skeleton (D:2)
  A bat zombie (D:2)
  3 endoplasms
  2 giant cockroaches
  3 goblins
  4 hobgoblins
  6 jackals
  3 quokkas
  A ball python skeleton (D:2)
  4 frilled lizards
  7 kobolds
  4 rats
88 creatures vanquished.

Notes
Turn   | Place    | Note
-------+----------+-------------------------------------------
     0 | D:1      | Iich the Hill Orc Fighter began the quest for the Orb.
     0 | D:1      | Reached XP level 1. HP: 19/19 MP: 1/1
    15 | D:1      | Reached skill level 3 in Axes
    96 | D:1      | Reached XP level 2. HP: 27/27 MP: 2/2
   424 | D:1      | Reached skill level 4 in Axes
   604 | D:1      | Reached XP level 3. HP: 33/33 MP: 3/3
  1037 | D:2      | Identified the +2 robe of Byvivi {Regen+ Int+3}
  1430 | D:3      | Found a faded altar of an unknown god.
  1833 | D:3      | Noticed a necrophage
  1848 | D:3      | Killed a necrophage
  1849 | D:3      | Reached skill level 5 in Axes
  1849 | D:3      | Reached XP level 4. HP: 30/41 MP: 4/4
  2330 | D:4      | Reached XP level 5. HP: 47/47 MP: 5/5
  2352 | D:4      | Reached skill level 5 in Fighting
  2352 | D:4      | Reached skill level 6 in Axes
  2480 | D:4      | Noticed an ogre
  2492 | D:4      | Killed an ogre
  2493 | D:4      | Reached skill level 7 in Axes
  2493 | D:4      | Reached XP level 6. HP: 39/56 MP: 6/6
  2872 | D:4      | Identified a scroll of acquirement
  2873 | D:4      | Acquired 331 gold pieces
  3293 | D:5      | Entered Level 5 of the Dungeon
  3300 | D:5      | Reached skill level 8 in Axes
  3300 | D:5      | Reached XP level 7. HP: 60/63 MP: 7/7
  3625 | D:5      | Reached skill level 9 in Axes
  4178 | D:5      | Reached XP level 8. HP: 51/73 MP: 8/8
  4318 | D:5      | Found a hazy altar of Hepliaklqana.
  4371 | D:5      | Found Ovveavemn's Book Emporium.
  4502 | D:5      | Found a staircase to the Ecumenical Temple.
  4512 | Temple   | Entered the Ecumenical Temple
  4561 | Temple   | Became a worshipper of Gozag Ym Sagoz the Greedy
  4763 | D:6      | HP: 1/69 [ice beast (5)]
  4763 | D:6      | Slain by a wight

Illustrated notes

Levels and vault maps discovered:
D:1:      lightli_iron_boxes, layout_basic
D:2:      layout_basic, serial_undead, serial_undead_d, serial_undead_d,
          serial_undead_b, serial_undead_d
D:3:      layout_loops_corners, hellmonk_ecumenical_altar_blasted, st_stairs_8
D:4:      layout_loops_corners, hangedman_feature_mirror
D:5:      layout_loops_ring, nzn_hepliaklqana_mist_gate,
          lemuel_temple_firewalk_b, serial_shops, shop_statue,
          guppyfry_early_orc_mine
D:6:      layout_cave_pods, serial_bayou_pond_e
Temple:   cyrus_circular_temple

Skill      XL: |  1  2  3  4  5  6  7 |
---------------+----------------------+-----
Axes           | 3 4 5 7 8 9 |  9.9
Fighting       | 4 5 6 7 |  7.1
Armour         | |  3.2
Shields        | |  3.2

Action                     |  1- 3 |  4- 6 |  7- 9 || total
---------------------------+-------+-------+-------++-------
  Melee: War axe           |    91 |   100 |    92 ||   283
  Evoke: Wand              |       |       |     1 ||     1
    Use: Scroll            |     4 |     5 |     2 ||    11
         Potion            |       |     1 |     1 ||     2
 Armour: Scale mail        |    40 |    62 |    11 ||   113
         Chain mail        |       |       |    51 ||    51
  Dodge: Dodged            |    55 |    51 |    39 ||   145
  Block: Buckler           |    24 |    20 |    22 ||    66

Table legend: (Time is in decaauts)
 A = Elapsed time spent in this place.
 B = Non-inter-level travel time spent in this place.
 C = Inter-level travel time spent in this place.
 D = Time resting spent in this place.
 E = Time spent auto-exploring this place.
 F = Levels seen in this place.
 G = Mean time per level.
                   A        B        C        D        E       F      G
               +--------+--------+--------+--------+--------+-----+--------+
         Total |   4821 |   4658 |    163 |    394 |   3536 |   7 |  688.7 |
       Dungeon |   4755 |   4592 |    163 |    394 |   3506 |   6 |  792.5 |
        Temple |     66 |     66 |      0 |      0 |     30 |   1 |   66.0 |
               +--------+--------+--------+--------+--------+-----+--------+

Top non-repeatable levels by time:
     D:4: 1392 daAuts
     D:5: 1002 daAuts
     D:3: 924 daAuts
     D:2: 735 daAuts
     D:1: 688 daAuts
  Temple: 66 daAuts
     D:6: 12 daAuts
